General information
- name: BNet
- type: Ladder team game (AT/RT)
- host: Battle.net
- saver: HoneyBlunt
map: DragonFalls
- players: 8
- length: 20:58
- speed: Fast
- version: 1.24 W3XP
- replay type: Public
» download(162 KB)
Players
team 1 (winner)
HoneyBlunt (
purple | 75 APM | 1569 actions | 20:58)
5 Tauren Chieftain
2 War Stomp
3 Endurance Aura
5 Shadow Hunter
2 Hex
1 Serpent Ward
2 Healing Wave
» actions
| Assign group hotkey | 21 | |
| Basic commands | 31 | |
| Build / train | 68 | |
| Enter build submenu | 28 | |
| Enter hero's abilities submenu | 10 | |
| Give item / drop item | 2 | |
| Right click | 670 | |
| Select / deselect | 311 | |
| Select group hotkey | 337 | |
| Use ability | 91 | |
1569 total
» units
| Peon | 15 | |
| Grunt | 8 | |
| Tauren | 6 | |
| Troll Witch Doctor | 4 | |
33 total
» upgrades
| Berserker Strength | 1 | |
| Reinforced Defenses | 1 | |
| Witch Doctor Training | 2 | |
| Melee Weapons | 1 | |
| Pulverize | 1 | |
| Armor | 2 | |
8 total
» buildings
| Orc Burrow | 7 | |
| Barracks | 1 | |
| Altar of Storms | 1 | |
| Voodoo Lounge | 1 | |
| Stronghold | 2 | |
| War Mill | 2 | |
| Great Hall | 1 | |
| Watch Tower | 9 | |
| Spirit Lodge | 1 | |
| Fortress | 1 | |
| Tauren Totem | 3 | |
29 total
» build order
00:19 Orc Burrow
00:37 Barracks
00:50 Altar of Storms
01:38 Orc Burrow
02:07 Voodoo Lounge
02:55 Stronghold
03:58 War Mill
04:04 Orc Burrow
06:16 Great Hall
06:44 Watch Tower
06:55 Spirit Lodge
07:58 Fortress
08:10 Watch Tower
09:01 Watch Tower
09:06 Watch Tower
09:45 Watch Tower
09:50 Watch Tower
11:24 Watch Tower
11:29 Watch Tower
11:37 Watch Tower
11:58 Orc Burrow
12:02 Tauren Totem
12:13 War Mill
13:56 Tauren Totem
14:00 Orc Burrow
14:12 Tauren Totem
15:31 Orc Burrow
17:14 Orc Burrow
» items
| Healing Salve | 4 | |
| Lesser Clarity Potion | 2 | |
| Scroll of Town Portal | 1 | |
| Orb of Lightning | 1 | |
| Potion of Healing | 1 | |
9 total
gtg_orb_man (
yellow | 58 APM | 1213 actions | 20:57)
4 Paladin
2 Holy Light
2 Devotion Aura
3 Mountain King
2 Storm Bolt
1 Bash
2 Firelord
1 Soul Burn
1 Summon Lava Spawn
» actions
| Basic commands | 106 | |
| Build / train | 92 | |
| Enter build submenu | 28 | |
| Enter hero's abilities submenu | 9 | |
| Right click | 552 | |
| Select / deselect | 367 | |
| Use ability | 59 | |
1213 total
» units
| Peasant | 18 | |
| Footman | 7 | |
| Gryphon Rider | 7 | |
| Knight | 4 | |
| Spell Breaker | 2 | |
38 total
» upgrades
| Defend | 1 | |
| Lumber Harvesting | 2 | |
| Masonry | 3 | |
| Animal War Training | 1 | |
| Storm Hammers | 1 | |
| Armor | 2 | |
| Swords | 2 | |
| Magic Sentry | 1 | |
| Plating | 1 | |
14 total
» buildings
| Farm | 12 | |
| Barracks | 1 | |
| Scout Tower | 4 | |
| Altar of Kings | 1 | |
| Arcane Tower | 4 | |
| Keep | 2 | |
| Lumber Mill | 1 | |
| Town Hall | 1 | |
| Blacksmith | 1 | |
| Arcane Vault | 1 | |
| Guard Tower | 2 | |
| Castle | 1 | |
| Gryphon Aviary | 3 | |
| Arcane Sanctum | 1 | |
35 total
» build order
00:28 Farm
00:38 Barracks
00:53 Scout Tower
01:24 Altar of Kings
01:43 Farm
02:00 Farm
02:23 Arcane Tower
02:34 Scout Tower
02:47 Farm
03:06 Arcane Tower
03:06 Arcane Tower
03:26 Farm
04:13 Scout Tower
05:09 Keep
05:27 Lumber Mill
05:39 Town Hall
06:05 Blacksmith
06:12 Keep
06:56 Scout Tower
07:02 Arcane Vault
07:30 Guard Tower
07:40 Arcane Tower
08:21 Farm
08:34 Castle
09:26 Farm
09:36 Gryphon Aviary
09:38 Gryphon Aviary
10:06 Gryphon Aviary
10:11 Farm
12:55 Farm
14:16 Farm
15:08 Farm
16:03 Farm
16:49 Arcane Sanctum
20:20 Guard Tower
» items
| Scroll of Regeneration | 4 | |
| Ivory Tower | 5 | |
| Scroll of Town Portal | 1 | |
| Mechanical Critter | 2 | |
| Orb of Fire | 2 | |
| Staff of Sanctuary | 1 | |
15 total
Ghostmoon (
pink | 31 APM | 656 actions | 20:57)
5 Death Knight
3 Death Coil
2 Unholy Aura
» actions
| Assign group hotkey | 37 | |
| Basic commands | 15 | |
| Build / train | 62 | |
| Enter build submenu | 24 | |
| Enter hero's abilities submenu | 5 | |
| Give item / drop item | 5 | |
| Remove unit from queue | 1 | |
| Right click | 222 | |
| Select / deselect | 110 | |
| Select group hotkey | 117 | |
| Use ability | 58 | |
656 total
» units
| Acolyte | 11 | |
| Ghoul | 5 | |
| Crypt Fiend | 6 | |
| Frost Wyrm | 9 | |
31 total
» upgrades
| Creature Attack | 2 | |
| Creature Carapace | 2 | |
| Web | 1 | |
| Burrow | 1 | |
| Freezing Breath | 1 | |
7 total
» buildings
| Crypt | 1 | |
| Graveyard | 1 | |
| Ziggurat | 14 | |
| Altar of Darkness | 1 | |
| Nerubian Tower | 1 | |
| Halls of the Dead | 1 | |
| Sacrificial Pit | 1 | |
| Tomb of Relics | 1 | |
| Black Citadel | 1 | |
| Spirit Tower | 10 | |
| Boneyard | 5 | |
37 total
» build order
00:18 Crypt
00:23 Graveyard
00:44 Ziggurat
01:04 Altar of Darkness
01:37 Nerubian Tower
02:08 Ziggurat
03:44 Ziggurat
04:39 Halls of the Dead
05:48 Ziggurat
06:49 Ziggurat
07:53 Sacrificial Pit
07:57 Tomb of Relics
08:00 Ziggurat
09:16 Black Citadel
09:47 Ziggurat
09:49 Ziggurat
09:51 Ziggurat
10:33 Spirit Tower
10:35 Spirit Tower
10:36 Spirit Tower
10:38 Spirit Tower
10:40 Spirit Tower
11:03 Spirit Tower
11:34 Ziggurat
11:44 Ziggurat
11:45 Ziggurat
12:17 Boneyard
12:20 Boneyard
12:26 Boneyard
12:40 Boneyard
12:44 Boneyard
12:59 Spirit Tower
13:09 Spirit Tower
15:59 Ziggurat
16:02 Ziggurat
17:05 Spirit Tower
17:33 Spirit Tower
» items
| Circlet of Nobility | 2 | |
| Orb of Corruption | 1 | |
| Scroll of Town Portal | 1 | |
4 total

»
yosdai (
blue | 85 APM | 1782 actions | 20:57)
6 Death Knight
3 Death Coil
3 Unholy Aura
» actions
| Assign group hotkey | 60 | |
| Basic commands | 183 | |
| Build / train | 43 | |
| Enter build submenu | 19 | |
| Enter hero's abilities submenu | 7 | |
| Give item / drop item | 2 | |
| Right click | 701 | |
| Select / deselect | 336 | |
| Select group hotkey | 287 | |
| Use ability | 144 | |
1782 total
» units
| Acolyte | 3 | |
| Ghoul | 4 | |
| Obsidian Statue | 4 | |
| Frost Wyrm | 6 | |
| Gargoyle | 1 | |
18 total
» upgrades
| Creature Attack | 2 | |
| Creature Carapace | 3 | |
| Destroyer Form | 1 | |
| Freezing Breath | 1 | |
7 total
» buildings
| Ziggurat | 8 | |
| Crypt | 1 | |
| Altar of Darkness | 1 | |
| Tomb of Relics | 1 | |
| Graveyard | 1 | |
| Halls of the Dead | 1 | |
| Nerubian Tower | 2 | |
| Slaughterhouse | 1 | |
| Sacrificial Pit | 1 | |
| Black Citadel | 1 | |
| Boneyard | 2 | |
| Spirit Tower | 2 | |
22 total
» build order
00:11 Ziggurat
00:14 Crypt
00:34 Altar of Darkness
00:51 Tomb of Relics
01:43 Graveyard
02:30 Halls of the Dead
03:04 Ziggurat
03:06 Ziggurat
03:30 Nerubian Tower
03:54 Ziggurat
03:55 Ziggurat
04:58 Slaughterhouse
05:03 Sacrificial Pit
05:53 Black Citadel
08:24 Boneyard
08:30 Boneyard
08:34 Ziggurat
10:55 Ziggurat
15:33 Spirit Tower
15:34 Spirit Tower
15:37 Nerubian Tower
16:43 Ziggurat
» items
| Rod of Necromancy | 1 | |
| Scroll of Town Portal | 2 | |
| Staff of Teleportation | 1 | |
4 total
team 2 (loser)
PlayOutTheGame (
green | 44 APM | 899 actions | 20:17)
4 Mountain King
2 Storm Bolt
2 Bash
1 Paladin
1 Holy Light
» actions
| Assign group hotkey | 63 | |
| Basic commands | 2 | |
| Build / train | 70 | |
| ESC pressed | 1 | |
| Enter build submenu | 16 | |
| Enter hero's abilities submenu | 6 | |
| Give item / drop item | 1 | |
| Right click | 374 | |
| Select / deselect | 178 | |
| Select group hotkey | 107 | |
| Use ability | 81 | |
899 total
» units
| Peasant | 30 | |
| Footman | 2 | |
| Rifleman | 12 | |
| Dragonhawk Rider | 8 | |
52 total
» upgrades
| Gunpowder | 1 | |
| Armor | 1 | |
| Cloud | 1 | |
| Animal War Training | 1 | |
4 total
» buildings
| Altar of Kings | 1 | |
| Farm | 13 | |
| Barracks | 1 | |
| Blacksmith | 1 | |
| Town Hall | 2 | |
| Keep | 1 | |
| Lumber Mill | 1 | |
| Arcane Vault | 1 | |
| Castle | 1 | |
| Gryphon Aviary | 3 | |
25 total
» build order
00:25 Altar of Kings
00:31 Farm
00:51 Barracks
01:01 Farm
01:23 Blacksmith
01:50 Farm
02:47 Farm
03:37 Farm
04:58 Town Hall
06:15 Keep
06:21 Lumber Mill
08:34 Arcane Vault
10:25 Castle
11:41 Gryphon Aviary
11:43 Gryphon Aviary
11:48 Gryphon Aviary
14:24 Farm
14:25 Farm
14:26 Farm
14:27 Farm
14:27 Farm
14:28 Farm
14:29 Farm
14:30 Farm
16:43 Town Hall
» items
| Scroll of Town Portal | 2 | |
| Scroll of Regeneration | 2 | |
| Potion of Healing | 1 | |
5 total

»
naruto13 (
red | 60 APM | 1256 actions | 20:57)
3 Priestess of the Moon
2 Trueshot Aura
1 Searing Arrows
1 Keeper of the Grove
1 Entangling Roots
» actions
| Assign group hotkey | 19 | |
| Basic commands | 14 | |
| Build / train | 51 | |
| Enter build submenu | 22 | |
| Enter hero's abilities submenu | 5 | |
| Remove unit from queue | 2 | |
| Right click | 663 | |
| Select / deselect | 299 | |
| Select group hotkey | 134 | |
| Use ability | 47 | |
1256 total
» units
| Wisp | 16 | |
| Archer | 3 | |
| Huntress | 2 | |
| Dryad | 4 | |
| Hippogryph | 7 | |
32 total
» upgrades
| Strength of the Wild | 2 | |
| Reinforced Hides | 2 | |
| Abolish Magic | 1 | |
| Nature's Blessing | 1 | |
| Strength of the Moon | 1 | |
7 total
» buildings
| Altar of Elders | 1 | |
| Moon Well | 6 | |
| Ancient of War | 2 | |
| Hunter's Hall | 1 | |
| Ancient of Wonders | 1 | |
| Ancient Protector | 1 | |
| Tree of Ages | 1 | |
| Ancient of Lore | 2 | |
| Tree of Eternity | 1 | |
| Ancient of Wind | 3 | |
19 total
» build order
00:09 Altar of Elders
00:14 Moon Well
00:43 Ancient of War
02:11 Moon Well
02:55 Hunter's Hall
03:07 Moon Well
03:16 Ancient of War
04:08 Ancient of Wonders
04:12 Ancient Protector
05:44 Tree of Ages
08:10 Ancient of Lore
08:21 Ancient of Lore
09:19 Tree of Eternity
11:01 Moon Well
11:03 Moon Well
11:06 Moon Well
16:46 Ancient of Wind
16:50 Ancient of Wind
16:55 Ancient of Wind
» items
SretsaMedalB (
orange | 69 APM | 1416 actions | 20:34)
4 Blademaster
2 Wind Walk
2 Critical Strike
» actions
| Assign group hotkey | 214 | |
| Basic commands | 6 | |
| Build / train | 52 | |
| Enter build submenu | 16 | |
| Enter hero's abilities submenu | 4 | |
| Right click | 646 | |
| Select / deselect | 239 | |
| Select group hotkey | 145 | |
| Use ability | 94 | |
1416 total
» units
» upgrades
| Ranged Weapons | 3 | |
| Armor | 2 | |
| Liquid Fire | 1 | |
| Reinforced Defenses | 1 | |
7 total
» buildings
| Altar of Storms | 1 | |
| Orc Burrow | 5 | |
| Voodoo Lounge | 1 | |
| War Mill | 1 | |
| Stronghold | 1 | |
| Watch Tower | 3 | |
| Beastiary | 3 | |
| Fortress | 1 | |
| Great Hall | 1 | |
17 total
» build order
00:06 Altar of Storms
00:10 Orc Burrow
01:03 Orc Burrow
01:12 Voodoo Lounge
02:07 War Mill
03:15 Stronghold
03:53 Watch Tower
04:00 Watch Tower
04:06 Watch Tower
05:14 Orc Burrow
05:43 Beastiary
05:45 Beastiary
06:49 Fortress
06:55 Beastiary
08:10 Great Hall
09:38 Orc Burrow
14:34 Orc Burrow
» items
| Healing Salve | 2 | |
| Lesser Clarity Potion | 3 | |
| Orb of Lightning | 1 | |
6 total
zOOba (
teal | 59 APM | 1230 actions | 20:52)
5 Blademaster
2 Wind Walk
3 Critical Strike
3 Shadow Hunter
2 Healing Wave
1 Hex
» actions
| Assign group hotkey | 17 | |
| Basic commands | 38 | |
| Build / train | 58 | |
| Enter build submenu | 17 | |
| Enter hero's abilities submenu | 8 | |
| Give item / drop item | 5 | |
| Remove unit from queue | 2 | |
| Right click | 597 | |
| Select / deselect | 221 | |
| Select group hotkey | 193 | |
| Use ability | 74 | |
1230 total
» units
| Peon | 9 | |
| Grunt | 4 | |
| Tauren | 5 | |
| Shaman | 4 | |
| Troll Witch Doctor | 2 | |
24 total
» upgrades
| Berserker Strength | 1 | |
| Melee Weapons | 2 | |
| Armor | 2 | |
| Shaman Training | 2 | |
| Pulverize | 1 | |
| Witch Doctor Training | 2 | |
10 total
» buildings
| Altar of Storms | 1 | |
| Orc Burrow | 7 | |
| Barracks | 1 | |
| Voodoo Lounge | 1 | |
| Stronghold | 1 | |
| War Mill | 1 | |
| Fortress | 1 | |
| Spirit Lodge | 1 | |
| Tauren Totem | 2 | |
16 total
» build order
00:03 Altar of Storms
00:10 Orc Burrow
00:46 Barracks
01:43 Orc Burrow
02:01 Voodoo Lounge
02:57 Orc Burrow
03:50 Stronghold
04:56 War Mill
06:08 Orc Burrow
06:13 Orc Burrow
06:14 Fortress
06:18 Spirit Lodge
08:44 Tauren Totem
08:48 Orc Burrow
08:51 Tauren Totem
14:18 Orc Burrow
» items
| Healing Salve | 2 | |
| Boots of Speed | 1 | |
| Orb of Lightning | 2 | |
| Lesser Clarity Potion | 1 | |
| Scroll of Town Portal | 1 | |
| Potion of Healing | 1 | |
8 total
Chat log
(00:28 / Allies) HoneyBlunt: h
(00:29 / Allies) HoneyBlunt: i
(00:36 / Allies) Ghostmoon: Hey
(00:37 / Allies) yosdai: sup eveyrone
(00:45 / Allies) gtg_orb_man: foots griffins
(00:45 / Allies) yosdai: plan?
(00:49 / Allies) Ghostmoon: fiends to wyrms
(00:56 / Allies) HoneyBlunt: Tc taurens
(01:12 / Allies) yosdai: destoeyrs with some aboms, necros etc
(01:19 / Allies) HoneyBlunt: u fiend frost plz
(01:24 / Allies) HoneyBlunt: this is a 2v2 split map
(01:25 / Allies) Ghostmoon: I got fiend frost
(01:29 / Allies) HoneyBlunt: we need range and meat bal
(01:34 / Allies) HoneyBlunt: on each side
(01:44 / Allies) HoneyBlunt: example
(01:47 / Allies) HoneyBlunt: if they air us
(01:49 / Allies) HoneyBlunt: we fucked
(02:10 / Allies) yosdai: i will get forsts too , not aboms then
(02:17 / Allies) gtg_orb_man: i got foots griffs
(02:19 / Allies) HoneyBlunt: no aboms i got taurns
(02:32 / Allies) Ghostmoon: agree, aboms are bad heavy melee
(05:29 / Allies) yosdai: purple expand
(07:24 / Allies) Ghostmoon: lol techer
(07:48 / Allies) HoneyBlunt: out
(11:17 / Allies) HoneyBlunt: [poooor zig placement
(11:24 / Allies) Ghostmoon: worked fine
(14:41 / Allies) yosdai: everyone rdy?
(15:29 / Allies) yosdai: we should hit now
(16:17 / Allies) HoneyBlunt: b
(16:55 / Allies) yosdai: comon guys we should hit
(16:56 / Allies) yosdai: hit oj
(20:49 / All) zOOba: mass bats, bitch move lol
(20:50 / All) zOOba: gg